 Dungeon Crawl Stone Soup version 0.26-a0-30-g56b8cd3df0 (webtiles) character file.

Game seed: 7063440546807180243, levelgen mode: deterministic

56473 tilp the Bludgeoner (level 14, -2/114 HPs)
             Began as a Demigod Venom Mage on May 28, 2020.
             Slain by Saint Roka
             ... wielding a +0 halberd of flaming
              (33 damage)
             ... on level 2 of the Orcish Mines on May 29, 2020.
             The game lasted 01:46:09 (35011 turns).

tilp the Bludgeoner (Demigod Venom Mage)           Turns: 35011, Time: 01:46:09

Health: -2/114     AC: 12    Str: 17    XL:     14   Next: 8%
Magic:  17/27      EV: 15    Int: 27    God:
Gold:   2760       SH:  0    Dex: 16    Spells: 4/25 levels left

rFire    + . .     SeeInvis +   b - +7 mace of Variability {chain chaos}
rCold    . . .     Gourm    .   (shield currently unavailable)
rNeg     + . .     Faith    .   O - +2 leather armour {rF+}
rPois    .         Spirit   .   T - +2 helmet {SInv}
rElec    .         Reflect  .   D - +0 cloak (curse)
rCorr    .         Harm     .   V - +2 pair of gloves
MR       +....                  (no boots)
Stlth    ++++......             (no amulet)
HPRegen  0.29/turn              s - +6 ring of strength
MPRegen  0.20/turn              Q - ring of positive energy

@: no status effects
A: high mp 1
a: no special abilities


You were on level 2 of the Orcish Mines.
You were not hungry.

You visited 3 branches of the dungeon, and saw 19 of its levels.

You collected 3406 gold pieces.
You spent 646 gold pieces at shops.

Inventory:

Hand Weapons
 b - the +7 mace of Variability (weapon) {chain chaos}
   (You found it on level 8 of the Dungeon)

   Each time it hits an enemy it has a different, random effect.
 d - the +8 frozen axe "Frostbite" {freezing cloud, *Noise +Fly rC+}
   (You found it on level 10 of the Dungeon)

   It has been specially enchanted to freeze those struck by it, causing extra
   injury to most foes and up to half again as much damage against particularly
   susceptible opponents.
   It can also slow down cold-blooded creatures.
   It protects you from cold.
   It lets you fly.
   It may make noises in combat.
 e - a +0 morningstar
 h - the +8 trident of the Radish {flame, rElec rN+ MR+}
   (You found it on level 2 of the Lair of Beasts)

   It has been specially enchanted to burn those struck by it, causing extra
   injury to most foes and up to half again as much damage against particularly
   susceptible opponents.
   It insulates you from electricity.
   It protects you from negative energy.
   It affects your resistance to hostile enchantments.
 F - the +3 Elemental Staff {rElec rF++ rC++ MR++ AC+5}
   (You found it on level 6 of the Lair of Beasts)

   It affects your AC (+5).
   It greatly protects you from fire.
   It greatly protects you from cold.
   It insulates you from electricity.
   It affects your resistance to hostile enchantments.
 L - a +0 great mace
Missiles
 n - 27 boomerangs (quivered)
 q - 83 poisoned darts
 E - 5 throwing nets {!f}
 W - 7 curare-tipped darts
Armour
 k - a +1 plate armour of cold resistance
 x - a +0 chain mail of fire resistance
 D - a cursed +0 cloak (worn)
 O - a +2 leather armour of fire resistance (worn)
 T - a +2 helmet of see invisible (worn)
 V - a +2 pair of gloves (worn)
Magical Staves
 a - an uncursed staff of poison
Jewellery
 s - a +6 ring of strength (left hand)
 v - an uncursed ring of flight
 Q - a ring of positive energy (right hand)
Wands
 r - a wand of acid (8)
 B - a wand of enslavement (7)
 G - a wand of flame (36)
 M - a wand of paralysis (21)
 P - a wand of iceblast (2)
 S - a wand of polymorph (21)
 U - a wand of clouds (11)
Scrolls
 i - 4 scrolls of enchant weapon
 l - 3 scrolls of amnesia
 o - 7 scrolls of teleportation
 y - 4 scrolls of fear
 z - 6 scrolls of remove curse
 J - 3 scrolls of magic mapping
 K - 8 scrolls of fog
Potions
 f - 3 potions of flight
 g - 6 potions of mutation
 j - a potion of invisibility
 m - 2 potions of resistance
 p - 2 potions of stabbing
 t - 2 potions of berserk rage
 u - 10 potions of lignification
 w - 2 potions of cancellation
 A - a potion of magic
 C - 3 potions of ambrosia
 H - 6 potions of brilliance
 I - a potion of curing
 R - 3 potions of might
Miscellaneous
 X - a box of beasts
 Y - a tin of tremorstones (3/3)
 Z - a phial of floods
Comestibles
 c - 38 rations
 N - 3 chunks of flesh


   Skills:
 + Level 7.6 Fighting
 - Level 16.0 Maces & Flails
 - Level 6.0 Dodging
 - Level 8.7 Stealth
   Level 4.0 Shields
 - Level 6.0 Spellcasting
 - Level 0.8 Transmutations
 - Level 8.0 Poison Magic
 - Level 4.0 Evocations


You had 4 spell levels left.
You knew the following spells:

 Your Spells              Type           Power        Failure   Level  Hunger
a - Sting                 Tmut/Pois      ####         1%          1    None
b - Poisonous Vapours     Pois/Air       ####..       2%          2    None
c - Ignite Poison         Fire/Tmut/Pois ###.....     7%          3    None
d - Mephitic Cloud        Conj/Pois/Air  ###.....     9%          3    None
e - Olgreb's Toxic Radia  Pois           ######..     3%          4    ###....
f - Apportation           Tloc           #.....       8%          1    None
g - Summon Butterflies    Summ           #.......     8%          1    None
h - Frozen Ramparts       Ice            #.....       24%         3    None
i - Spectral Weapon       Hex/Chrm       #.......     24%         3    None

Your spell library contained the following spells:

 Spells                   Type           Power        Failure   Level  Hunger
 Freeze                   Ice            #...         8%          1    None
 Infusion                 Chrm           #...         8%          1    None
 Shroud of Golubria       Chrm/Tloc      #.....       12%         2    None
 Song of Slaying          Chrm           #.......     12%         2    None
 Lesser Beckoning         Tloc           #.........   24%         3    None
 Ozocubu's Armour         Chrm/Ice       #.......     24%         3    None
 Tukima's Dance           Hex            #.......     24%         3    None
 Hailstorm                Conj/Ice       #.......     61%         4    ###....
 Summon Ice Beast         Ice/Summ       #.......     61%         4    ###....
 Alistair's Intoxication  Tmut/Pois      ####....     34%         5    #####..
 Invisibility             Hex            #.......     100%        6    ######.


Dungeon Overview and Level Annotations

Branches:
Dungeon (11/15)            Temple (0/1) D:5            Lair (6/6) D:10
  Swamp (0/4) Lair:4       Spider (0/4) Lair:4        Slime (0/5) Lair:6
    Orc (2/2) D:9             Elf (0/3) Orc:2

Shops:
D:11 (?![[   Orc:2 *

Annotations:
Lair:2 exclusion: oklob plant
Orc:2 Saint Roka, Urug


Innate Abilities, Weirdness & Mutations

You have an increased reservoir of magic. (+10% MP)


Message History

Saint Roka looks as sick as possible!
Saint Roka is heavily wounded. x2
Saint Roka hits you with a +0 halberd of flaming!
Saint Roka burns you.
You hit Saint Roka.
Saint Roka looks as sick as possible!
Saint Roka is heavily wounded.
Saint Roka mumbles some strange prayers to Beogh against you.
Beogh smites you!
Unknown command.
You sock Saint Roka! You freeze Saint Roka.
Saint Roka is heavily wounded.
Saint Roka hits you with a +0 halberd of flaming!!
* * * LOW HITPOINT WARNING * * *
Saint Roka burns you.
* * * LOW HITPOINT WARNING * * *
Unknown command.
You bludgeon Saint Roka!!
Saint Roka is severely wounded.
Saint Roka hits you with a +0 halberd of flaming!!
You die...

...........###.........
.....#.....##..........
....###...................
..####..........#.#........ .##
##.........#####.......
..#####.........###.........
....#............#.........
..[.#.......#..o...........
...<#.......##..@.......#
...[[))..).###....).....#
P....)..#### ##...).....#
∩P.......# #.......###
.P.[..)..## ##..)....###
o..[....[.####..........## ## #
O..........#...).........##.#.#
............[....###.....#.....
[.#..............# ##......#


You could see Saint Roka (strong, extremely poisoned, drained).

Vanquished Creatures
  A frost giant (D:10)
  Nessos (Lair:5)
  Josephine (D:11)
  Harold (D:7)
  A hydra (Lair:2)
  A catoblepas (Lair:6)
  2 two-headed ogres (Orc:2)
  12 death yaks
  Sonja (Orc:2)
  Pikel (D:7)
  A lindwurm (Lair:6)
  A manticore (D:11)
  An orc sorcerer (Orc:2)
  An ugly thing (D:11)
  A cyclops (Orc:1)
  Joseph (D:7)
  8 elephants
  8 spiny frogs
  4 black mambas
  A torpor snail (Lair:6)
  Psyche (D:10)
  2 rime drakes
  A kobold demonologist (D:6)
  4 komodo dragons
  5 trolls
  11 polar bears
  18 blink frogs
  7 hippogriffs
  Sigmund (D:5)
  43 yaks
  4 wraiths (D:11)
  A fire bat (Lair:6)
  2 hungry ghosts (D:9)
  Eustachio (D:4)
  A chaos spawn (D:8)
  5 basilisks
  Menkaure (D:6)
  2 wargs
  11 water moccasins
  An acid dragon (D:11)
  7 porcupines
  Duvessa (D:5)
  27 orc warriors
  2 ice beasts
  3 phantoms
  5 sky beasts
  3 black bears
  7 ogres
  An eye of draining (D:11)
  3 centaurs
  A necrophage (D:10)
  9 wolves
  14 crocodiles
  13 bullfrogs
  A gnoll sergeant (D:5)
  Dowan (D:5)
  A water moccasin zombie (D:7)
  2 scorpions
  11 killer bees (D:10)
  6 wights (D:7)
  5 howler monkeys
  4 electric eels
  A bullfrog zombie (D:8)
  3 crimson imps
  A centaur zombie (D:9)
  A jelly (D:11)
  28 orc wizards
  22 orc priests
  8 hounds
  Crazy Yiuf (D:5)
  A bullfrog skeleton (D:4)
  2 centaur skeletons
  6 iguanas
  Jessica (D:2)
  Ijyb (D:4)
  Terence (D:2)
  6 worker ants
  2 killer bee zombies
  2 hound zombies
  A hound skeleton (D:8)
  2 worker ant zombies (D:9)
  11 adders
  8 gnolls
  A howler monkey skeleton (D:6)
  A shadow imp (D:8)
  An ooze (D:2)
  An adder zombie (D:5)
  3 adder skeletons
  5 worms
  3 dart slugs
  4 leopard geckos
  114 orcs
  2 ball pythons
  6 giant cockroaches
  11 goblins
  8 hobgoblins
  28 jackals
  13 kobolds
  6 quokkas
  7 bats
  2 frilled lizards
  A jackal skeleton (D:4)
  A quokka zombie (D:7)
  11 rats
  A butterfly (Lair:2)
  A fungus (Lair:5)
638 creatures vanquished.

Vanquished Creatures (collateral kills)
  A deep troll shaman (Lair:6)
1 creature vanquished.

Vanquished Creatures (others)
  A hippogriff (D:7)
  A water moccasin (Lair:6)
  3 slaves (D:7)
  A big kobold (D:7)
  A bullfrog (Lair:2)
  3 orcs
  13 fungi
  26 plants
49 creatures vanquished.

Grand Total: 688 creatures vanquished

Notes
Turn   | Place    | Note
-------+----------+-------------------------------------------
     0 | D:1      | tilp the Demigod Venom Mage began the quest for the Orb.
     0 | D:1      | Reached XP level 1. HP: 14/14 MP: 5/5
   254 | D:1      | Reached XP level 2. HP: 15/20 MP: 2/7
   360 | D:1      | Learned a level 2 spell: Poisonous Vapours
   542 | D:1      | Found an iron altar of Okawaru.
  1033 | D:1      | Reached XP level 3. HP: 23/26 MP: 1/8
  2132 | D:2      | Reached skill level 1 in Fighting
  2652 | D:2      | Noticed Jessica
  2654 | D:2      | Killed Jessica
  2654 | D:2      | Reached XP level 4. HP: 35/35 MP: 2/9
  2946 | D:2      | Learned a level 3 spell: Ignite Poison
  2984 | D:2      | Found an ornate altar of the Wu Jian Council.
  2987 | D:2      | Noticed Terence
  3008 | D:2      | Killed Terence
  3258 | D:2      | Found a bloodstained altar of Trog.
  3484 | D:2      | Reached XP level 5. HP: 39/41 MP: 8/10
  4183 | D:3      | Found an opulent altar of Gozag.
  4845 | D:4      | Noticed Eustachio
  4856 | D:4      | Killed Eustachio
  4856 | D:4      | Reached XP level 6. HP: 41/51 MP: 2/11
  4933 | D:4      | Learned a level 3 spell: Mephitic Cloud
  5136 | D:4      | Reached skill level 5 in Stealth
  5416 | D:4      | Noticed Ijyb
  5779 | D:4      | Reached XP level 7. HP: 18/57 MP: 13/13
  5872 | D:4      | Killed Ijyb
  5992 | D:5      | Entered Level 5 of the Dungeon
  6421 | D:5      | Found a staircase to the Ecumenical Temple.
  6482 | D:5      | Found a sacrificial altar of Ru.
  6517 | D:5      | Found a runed translucent door.
  6552 | D:5      | Noticed Duvessa
  6552 | D:5      | Noticed Dowan
  6584 | D:5      | Killed Duvessa
  6644 | D:5      | Killed Dowan
  6783 | D:5      | Found a blossoming altar of Fedhas.
  6865 | D:5      | Reached skill level 5 in Poison Magic
  6865 | D:5      | Reached XP level 8. HP: 53/63 MP: 14/14
  7009 | D:5      | Noticed Sigmund
  7012 | D:5      | Killed Sigmund
  7120 | D:5      | Found a shimmering blue altar of Sif Muna.
  7588 | D:5      | Noticed Crazy Yiuf
  8053 | D:6      | Noticed Menkaure
  8213 | D:6      | Reached skill level 1 in Maces & Flails
  8230 | D:6      | Noticed a kobold demonologist
  8242 | D:6      | Noticed an orange demon
  8952 | D:6      | Killed a kobold demonologist
  8952 | D:6      | Reached skill level 2 in Maces & Flails
  9490 | D:7      | Reached XP level 9. HP: 52/69 MP: 10/16
  9735 | D:7      | Found a hide-covered altar of Uskayaw.
  9738 | D:7      | Noticed Joseph
 10065 | D:7      | Found a burning altar of Makhleb.
 10065 | D:7      | Noticed a green death
 10068 | D:7      | Noticed a hellwing
 10107 | D:7      | Reached skill level 3 in Maces & Flails
 10119 | D:7      | Noticed Pikel
 10244 | D:7      | Killed Pikel
 10244 | D:7      | Reached skill level 4 in Maces & Flails
 10347 | D:7      | Learned a level 4 spell: Olgreb's Toxic Radiance
 10962 | D:7      | Found an opulent altar of Gozag.
 10964 | D:7      | Found a bloodstained altar of Trog.
 10964 | D:7      | Found a burning altar of Makhleb.
 10966 | D:7      | Found a shimmering altar of Xom.
 10966 | D:7      | Found a radiant altar of Vehumet.
 10966 | D:7      | Found an iron altar of Okawaru.
 11035 | D:7      | Reached skill level 5 in Maces & Flails
 11755 | D:7      | Killed Joseph
 12173 | D:7      | Noticed Harold
 12541 | D:8      | Found a shimmering altar of Xom.
 12548 | D:8      | Reached skill level 6 in Maces & Flails
 13015 | D:8      | Reached XP level 10. HP: 70/77 MP: 6/19
 13464 | D:8      | Found the +7 mace of Variability {chain chaos}
 13536 | D:8      | You fall into a shaft and drop 3 floors!
 13541 | D:11     | Found Biawocs's Antique Armour Boutique.
 13552 | D:11     | Bought a runed helmet for 195 gold pieces
 13579 | D:10     | Entered Level 10 of the Dungeon
 13856 | D:10     | Noticed a frost giant
 13857 | D:10     | Found the +8 frozen axe "Frostbite" {freezing cloud, *Noise
                  | +Fly rC+}
 13930 | D:10     | Reached skill level 7 in Maces & Flails
 14044 | D:10     | Reached skill level 1 in Shields
 15194 | D:8      | Found an ancient bone altar of Kikubaaqudgha.
 15564 | D:9      | Found a hazy altar of Hepliaklqana.
 15630 | D:9      | Reached skill level 8 in Maces & Flails
 16195 | D:9      | Found a staircase to the Orcish Mines.
 16256 | D:9      | Found a stormy altar of Qazlal.
 16996 | D:10     | HP: 2/77 [frost giant/bolt of cold (44)]
 16998 | D:10     | Killed a frost giant
 16998 | D:10     | Reached skill level 9 in Maces & Flails
 17565 | D:9      | Reached XP level 11. HP: 59/82 MP: 12/20
 17976 | D:10     | Reached skill level 10 in Maces & Flails
 18103 | D:10     | Found a staircase to the Lair.
 18254 | D:11     | Found Keogo's Armour Emporium.
 18268 | D:11     | Found Yxkurghoi's Distillery.
 18415 | D:11     | Found a basalt altar of Yredelemnul.
 18439 | D:11     | Found Veegh's Magic Scroll Shoppe.
 18509 | D:11     | Bought a scroll of identify for 36 gold pieces
 18509 | D:11     | Bought a scroll of random uselessness for 18 gold pieces
 18509 | D:11     | Bought a scroll of identify for 36 gold pieces
 18637 | D:11     | Noticed Josephine
 18680 | D:11     | Killed Josephine
 18680 | D:11     | Reached skill level 11 in Maces & Flails
 18926 | D:11     | Noticed Psyche
 18933 | D:10     | Killed Psyche
 19402 | D:11     | Found Gino's Antique Weapon Shoppe.
 19579 | D:11     | Identified a scroll of acquirement
 19621 | D:11     | Reached skill level 12 in Maces & Flails
 19691 | Lair:1   | Entered Level 1 of the Lair of Beasts
 20024 | Lair:1   | Learned a level 1 spell: Apportation
 21147 | Lair:2   | Got a slimy trident
 21273 | Lair:2   | Reached skill level 1 in Evocations
 21597 | Lair:2   | Noticed a six-headed hydra
 21603 | Lair:2   | Killed a six-headed hydra
 21603 | Lair:2   | Reached skill level 13 in Maces & Flails
 21973 | Lair:2   | Reached XP level 12. HP: 61/89 MP: 14/21
 22846 | Lair:2   | Identified the +8 trident of the Radish {flame, rElec rN+
                  | MR+} (You found it on level 2 of the Lair of Beasts)
 24526 | Lair:4   | Reached skill level 14 in Maces & Flails
 24664 | Lair:4   | Reached skill level 5 in Spellcasting
 24844 | Lair:4   | Found a hole to the Spider Nest.
 25328 | Lair:4   | Found a staircase to the Swamp.
 26336 | Lair:4   | Reached skill level 5 in Fighting
 26336 | Lair:4   | Reached skill level 5 in Dodging
 26336 | Lair:4   | Reached XP level 13. HP: 84/100 MP: 17/26
 27382 | Lair:5   | Noticed Nessos
 27390 | Lair:5   | Killed Nessos
 28279 | Lair:6   | Entered Level 6 of the Lair of Beasts
 29278 | Lair:6   | Reached skill level 15 in Maces & Flails
 29807 | Lair:6   | Found a viscous altar of Jiyva.
 29807 | Lair:6   | Found a staircase to the Slime Pits.
 30489 | Lair:6   | HP: 1/102 [deep troll shaman (18)]
 30930 | Lair:6   | Found the +3 Elemental Staff {rElec rF++ rC++ MR++ AC+5}
 31301 | Lair:6   | Learned a level 1 spell: Summon Butterflies
 31305 | Lair:6   | Learned a level 3 spell: Frozen Ramparts
 31309 | Lair:6   | Learned a level 3 spell: Spectral Weapon
 31602 | D:5      | Killed Crazy Yiuf
 32126 | D:6      | Killed Menkaure
 32175 | D:7      | Killed Harold
 32358 | Orc:1    | Entered Level 1 of the Orcish Mines
 32745 | Orc:1    | Reached skill level 16 in Maces & Flails
 33195 | Orc:2    | Entered Level 2 of the Orcish Mines
 33195 | Orc:2    | Found Tanof's Assorted Antiques.
 33429 | Orc:2    | Bought a scroll of enchant armour for 285 gold pieces
 33429 | Orc:2    | Bought a scroll of identify for 76 gold pieces
 33516 | Orc:2    | Paralysed by an orc sorcerer for 5 turns
 33521 | Orc:2    | Reached XP level 14. HP: 90/111 MP: 20/27
 33613 | Orc:2    | Noticed Saint Roka
 34412 | Orc:2    | Found a staircase to the Elven Halls.
 34465 | Orc:2    | Noticed Urug
 34688 | Orc:2    | Noticed Sonja
 34691 | Orc:2    | Paralysed by Sonja for 5 turns
 34700 | Orc:2    | Killed Sonja
 35011 | Orc:2    | Slain by Saint Roka

Illustrated notes

Levels and vault maps discovered:
D:1:      dpeg_arrival_orchard, layout_loops_ring, okawaru_ov_weapons_minmay
D:2:      layout_basic, grunt_temple_overflow_open, first_ration,
          supply_closet_lemuel, minmay_pentomino_w2, uniq_terence, uniq_jessica
D:3:      layout_basic, lemuel_crystal_altar
D:4:      layout_rooms, uniq_ijyb, uniq_eustachio
D:5:      layout_rooms, nicolae_ru_awakened_eye, nicolae_overflow_crystal_walls,
          minmay_temple_entry_trees, fedhas_ov_isle_minmay, uniq_sigmund,
          uniq_crazy_yiuf_cottage, uniq_duvessa
D:6:      layout_basic, chequers_decorated_corner, uniq_menkaure
D:7:      layout_basic, doesnt_xom_only_xom, basic_altar, grunt_ogre_cave,
          minivault_14, makhleb_altar_promises_db, uniq_pikel, uniq_joseph,
          uniq_harold
D:8:      layout_cave_pools, lemuel_doored_altar,
          minmay_guarded_unrand_variability
D:9:      layout_long_grid, lemuel_round_altar, hiddenorc1_lemuel, basic_altar
D:10:     minmay_coctagon, layout_long_grid, david_lair_shrubbed, serial_glass,
          glass_columns_a, glass_columns_a, feat_on_display
D:11:     layout_loops_ring, serial_shops, kennysheep_mini_moat, shop,
          nicolae_shop_competitors_out_of_business, shop, nicolae_shop_trees,
          yredelemnul_altar_generic, uniq_psyche, uniq_josephine
Lair:1:   layout_regular_city, disabler_island
Lair:2:   layout_regular_city, minmay_lair_oklob_bushes, lemuel_fruit_fields,
          lemuel_fruit_tree
Lair:3:   layout_cave_pods, st_stairs_8
Lair:4:   layout_misc_corridors, swamp_mist, spider_nest_entry_web_field,
          beast_lair_carwin_8
Lair:5:   layout_loops_ring, chequers_serial_rivers_room_b, uniq_nessos
Lair:6:   grunt_lair_end_beastmaster, layout_long_grid,
          dpeg_slime_entry_enclosed_altar
Orc:1:    layout_caves
Orc:2:    grunt_orc_tribal_feast, layout_diamond_mine, serial_shops,
          nicolae_shop_overgrown_old_shop, mines2_lemuel, uniq_sonja, uniq_urug,
          uniq_saint_roka

Skill      XL: |  1  2  3  4  5  6  7  8  9 10 11 12 13 14 |
---------------+-------------------------------------------+-----
Poison Magic   | 3 4 5 6 7 8 |  8.0
Spellcasting   | 2 4 6 |  6.0
Dodging        | 2 3 5 6 |  6.0
Fighting       | 1 2 3 5 6 7 |  7.6
Stealth        | 4 5 7 8 |  8.7
Maces & Flails | 2 6 9 13 14 16 | 16.0
Shields        | 4 |  4.0
Evocations     | 2 4 |  4.0
Transmutations | |  0.8

Action                   |  1- 3 |  4- 6 |  7- 9 | 10-12 | 13-15 || total
-------------------------+-------+-------+-------+-------+-------++-------
Melee: Dagger            |    10 |       |       |       |       ||    10
       Whip              |    53 |   116 |   287 |     1 |       ||   457
       Falchion          |       |       |    21 |       |       ||    21
       Mace              |       |       |       |   157 |       ||   157
       Great mace        |       |       |       |   227 |   242 ||   469
       Staff             |       |       |       |       |    12 ||    12
Throw: Boomerang         |       |    10 |    27 |    27 |       ||    64
 Cast: Sting             |    72 |    76 |    85 |    76 |    49 ||   358
       Poisonous Vapours |    11 |    19 |    77 |   160 |    77 ||   344
       Ignite Poison     |       |       |    26 |    86 |    31 ||   143
       Mephitic Cloud    |       |       |       |    19 |    11 ||    30
       Apportation       |       |       |       |     6 |       ||     6
       Olgreb's Toxic Ra |       |       |       |    15 |    22 ||    37
Evoke: Wand              |       |       |     2 |     4 |     3 ||     9
       Box of beasts     |       |       |       |       |     1 ||     1
       Phial of floods   |       |       |       |       |     1 ||     1
  Use: Scroll            |     5 |     3 |     4 |    18 |     6 ||    36
       Potion            |       |       |     1 |     4 |     2 ||     7
 Stab: Sleeping          |     1 |     3 |     1 |     5 |     1 ||    11
       Distracted        |       |       |     1 |       |     2 ||     3
       Paralysed         |       |       |       |     2 |     3 ||     5
       Confused          |       |       |       |     1 |       ||     1
       Held in net/web   |       |       |       |     2 |       ||     2
  Eat: Chunk             |     7 |    10 |    20 |    37 |    26 ||   100
       Ration            |       |       |     3 |     3 |     1 ||     7
Armor: Robe              |    21 |       |       |       |       ||    21
       Leather armour    |       |    36 |    30 |   126 |    57 ||   249
       Ring mail         |       |       |    48 |    11 |       ||    59
       Skin              |       |       |       |    35 |       ||    35
Dodge: Dodged            |    85 |   121 |   219 |   368 |   164 ||   957
       Rpst.: Falchion   |       |       |     8 |       |       ||     8

Table legend:
 A = Non-vault XP
 B = Vault XP
 C = Vault XP percentage of total XP
 D = Non-vault monster count
 E = Vault monster count
 F = Vault count percentage of total count
                 A         B        C        D         E       F
            +---------+---------+-------+---------+---------+-------
      Total |   56029 |   24647 |  30.6 |     550 |      90 |  14.1
            +---------+---------+-------+---------+---------+-------
        D:1 |      82 |       0 |   0.0 |      42 |       0 |   0.0
        D:2 |      97 |      77 |  44.3 |      26 |       4 |  13.3
        D:3 |     113 |       0 |   0.0 |      24 |       0 |   0.0
        D:4 |     389 |     224 |  36.5 |      18 |       2 |  10.0
        D:5 |    1033 |     487 |  32.0 |      24 |       4 |  14.3
        D:6 |    1011 |     172 |  14.5 |      21 |       1 |   4.5
        D:7 |    1763 |    2175 |  55.2 |      37 |       4 |   9.8
        D:8 |     950 |     187 |  16.4 |      22 |       1 |   4.3
        D:9 |    1542 |     891 |  36.6 |      37 |      19 |  33.9
       D:10 |    1832 |    3282 |  64.2 |      38 |       6 |  13.6
       D:11 |    3346 |    1898 |  36.2 |      27 |       5 |  15.6
     Lair:1 |    2576 |     334 |  11.5 |      11 |       4 |  26.7
     Lair:2 |    7599 |       0 |   0.0 |      34 |       0 |   0.0
     Lair:3 |    3139 |       0 |   0.0 |      17 |       0 |   0.0
     Lair:4 |   10561 |    2654 |  20.1 |      35 |       9 |  20.5
     Lair:5 |    7510 |    1231 |  14.1 |      33 |       1 |   2.9
     Lair:6 |    5468 |    9728 |  64.0 |      15 |      19 |  55.9
      Orc:1 |    2239 |       0 |   0.0 |      34 |       0 |   0.0
      Orc:2 |    4779 |    1307 |  21.5 |      55 |      11 |  16.7
            +---------+---------+-------+---------+---------+-------
